 Dungeon Crawl Stone Soup version 0.28.0-45-g0d030f2227 (webtiles) character file.

Game seed: 12221434496927217937

7307 NinjaNoafa the Skirmisher (level 10, -2/86 HPs)
             Began as a Pale Draconian Monk on Apr 20, 2022.
             Was an Elder of Vehumet.
             Killed by their own static electricity (3 damage)
             ... on level 9 of the Dungeon.
             The game lasted 00:28:56 (8746 turns).

NinjaNoafa the Skirmisher (Pale Draconian Monk)     Turns: 8746, Time: 00:28:57

Health: -2/86      AC: 14    Str: 17    XL:     10   Next: 90%
Magic:  20/27      EV: 14    Int: 13    God:    Vehumet [****..]
Gold:   123        SH:  0    Dex: 15    Spells: 7/19 levels left

rFire   . . .      SeeInvis +   u - +6 mace of Kuasadis {elec, Str+3 SInv}
rCold   . . .      Faith    .   (no shield)
rNeg    . . .      Spirit   .   (armour unavailable)
rPois   .          Reflect  .   y - +2 hat
rElec   .          Harm     .   j - +2 cloak
rCorr   .          Rampage  .   i - +1 pair of gloves
Will    .....                   (no boots)
Stlth   +++.......              o - amulet of regeneration
HPRegen 1.04/turn               D - ring of magical power
MPRegen 0.20/turn               A - +4 ring of slaying

@: short of breath
A: breathe steam, AC +7, unfitting armour, cold-blooded, steam resistance
a: Breathe Steam, Renounce Religion


You were on level 9 of the Dungeon.
You worshipped Vehumet.
Vehumet was greatly pleased with you.
You visited 2 branches of the dungeon, and saw 11 of its levels.

You collected 366 gold pieces.
You spent 243 gold pieces at shops.

Inventory:

Hand Weapons
 e - a +0 vorpal dagger
 g - a +2 vorpal spear
 k - the +5 battleaxe "Qeegyig" {venom, rCorr}
   (You found it on level 2 of the Dungeon)

   It poisons the flesh of those it strikes.
   rCorr:     It protects you from acid and corrosion.
 m - a +2 dagger of flaming
 q - a +2 dagger of freezing
 s - a +3 halberd of freezing
 u - the +6 mace of Kuasadis (weapon) {elec, Str+3 SInv}
   (You found it on level 8 of the Dungeon)

   It occasionally discharges a powerful burst of electricity upon striking a
   foe.
   Str:       It affects your strength (+3).
   SInv:      It lets you see invisible.
 v - a +3 dagger
 w - a +2 morningstar of protection
Missiles
 a - 7 boomerangs (quivered)
 f - 196 stones
 h - 6 poisoned darts
 t - 2 throwing nets
Armour
 b - a +0 pair of boots
 i - a +1 pair of gloves (worn)
 j - a +2 cloak (worn)
 l - a +0 buckler
 y - a +2 hat (worn)
Magical Staves
 x - a staff of death
Jewellery
 n - a ring of resist corrosion
 o - an amulet of regeneration (around neck)
 A - a +4 ring of slaying (right hand)
 D - a ring of magical power (left hand)
Wands
 p - a wand of polymorph (15)
 z - a wand of acid (4)
Scrolls
 d - 3 scrolls of fog
 r - a scroll of immolation
Potions
 c - 2 potions of brilliance


   Skills:
 - Level 7.0 Fighting
 - Level 0.8(2.1) Short Blades
 - Level 3.1(3.2) Long Blades
 - Level 4.3(4.7) Axes
 + Level 2.7(3.9) Maces & Flails
 + Level 5.9 Dodging
 - Level 5.0 Stealth
 - Level 5.4 Spellcasting
 - Level 5.3 Conjurations
 - Level 2.6 Hexes
 - Level 2.9 Ice Magic
 - Level 5.8 Air Magic
 - Level 4.6 Poison Magic
 - Level 5.0 Evocations


You had 7 spell levels left.
You knew the following spells:

 Your Spells              Type           Power      Damage    Failure   Level
a - Static Discharge      Conj/Air       18%        N/A       1%          2
b - Mephitic Cloud        Conj/Pois/Air  17%        N/A       1%          3
c - Fulminant Prism       Conj/Hex       6%         3d7       10%         4
d - Frozen Ramparts       Ice            22%        1d4       4%          3

Your spell library contained the following spells:

 Spells                   Type           Power      Damage    Failure   Level


Dungeon Overview and Level Annotations

Branches:
Dungeon (10/15)            Temple (1/1) D:6            Lair (0/6) D:9
    Orc: D:9-12

Altars:
Ashenzari
Cheibriados
Dithmenos
Elyvilon
Fedhas
Gozag
Hepliaklqana
Kikubaaqudgha
Makhleb
Nemelex Xobeh
Okawaru
Qazlal
Ru
Sif Muna
Trog
Uskayaw
Vehumet
Wu Jian
Xom
Yredelemnul
Zin
The Shining One

Shops:
D:3 *

Annotations:
D:6 1 runed translucent door


Innate Abilities, Weirdness & Mutations

You can breathe blasts of scalding, opaque steam.
Your pale cyan-grey scales are hard. (AC +7)
You cannot fit into any form of body armour.
You are cold-blooded and may be slowed by cold attacks.
You are immune to the effects of steam.


Message History

The lightning grounds out.
The wall freezes the yak.
The yak gores you.
* * * LOW HITPOINT WARNING * * *
The wall freezes the yak. x2
You thump the orc priest!
You kill the orc priest!
Vehumet accepts your kill.
You feel your power returning.
The frozen ramparts melt away.
The yak gores you!
* * * LOW HITPOINT WARNING * * *
The yak closely misses you.
An orc comes into view. It is wielding a +0 dagger.
Things that are here:
a +0 club; a +0 short sword; an orc corpse
Casting: Static Discharge (safe; 1% risk of failure)
Confirm with . or Enter, or press ? or * to list all spells.
The orc is struck by an arc of lightning.
The orc is severely wounded.
You are struck by an arc of lightning.
* * * LOW HITPOINT WARNING * * *
The lightning grounds out.
The orc hits you with a +0 dagger.
* * * LOW HITPOINT WARNING * * *
Aiming: Breathe Steam (1% risk of failure)
Press: ? - help, Shift-Dir - straight line, f - yak
Aim: a yak (black smoke, almost dead, 84% to hit)
You exhale a blast of scalding steam.
The ball of steam hits the yak!
You kill the yak!
Vehumet accepts your kill.
You feel your power returning. The orc closely misses you.
Casting: Static Discharge (safe; 1% risk of failure)
Confirm with . or Enter, or press ? or * to list all spells.
The orc is struck by an arc of lightning!
You kill the orc!
Vehumet accepts your kill.
You feel your power returning.
You are struck by an arc of lightning.
* * * LOW HITPOINT WARNING * * *
The lightning grounds out.
The yak is struck by an arc of lightning.
The yak is severely wounded.
You are struck by an arc of lightning.
You die...

#########
#Y......#######
#§.o ..#..)...
####o#####.#.####.
#§YY§§oZ##.#.##o(.
#@##§##......o....
#§##.#####.#.#.##.
#§##.. ...#.#.##.
#. #.......#.. ...
## ###########.##.
#.##. .#. ##.
###### ..


You could see 2 yaks and an orc.

Vanquished Creatures
  Maggie (D:9)
  Psyche (D:8)
  Sigmund (D:2)
  A shadow (D:6)
  15 yaks
  A steam dragon (D:8)
  A water moccasin (D:4)
  2 orc warriors (D:9)
  5 sky beasts
  An ice beast (D:7)
  An ogre (D:3)
  A black bear (D:5)
  A centaur (D:9)
  A phantom (D:6)
  Blork the orc (D:6)
  A bullfrog (D:9)
  3 gnoll sergeants
  10 scorpions (D:6)
  A wyvern skeleton (D:7)
  7 killer bees
  5 wights (D:7)
  A bullfrog zombie (D:6)
  4 centaur zombies
  4 orc priests
  2 hounds
  A jelly (D:5)
  A gnoll shaman (D:7)
  A centaur skeleton (D:7)
  4 iguanas
  Terence (D:2)
  7 orc wizards
  21 gnolls
  A howler monkey zombie (D:8)
  3 adders
  A howler monkey skeleton (D:6)
  2 shadow imps
  5 white imps
  An ufetubus (D:5)
  4 worms
  6 dart slugs
  23 orcs
  6 endoplasms
  6 giant cockroaches
  11 goblins
  3 hobgoblins
  6 jackals
  4 ball pythons
  4 bats
  3 frilled lizards
  4 kobolds
  4 rats
205 creatures vanquished.

Vanquished Creatures (collateral kills)
  A killer bee (D:8)
1 creature vanquished.

Vanquished Creatures (others)
  An orc wizard (D:9)
  9 fulminant prisms
  6 plants (D:7)
16 creatures vanquished.

Grand Total: 222 creatures vanquished

Notes
Turn   | Place    | Note
-------+----------+-------------------------------------------
     0 | D:1      | NinjaNoafa the Draconian Monk began the quest for the Orb.
     0 | D:1      | Reached XP level 1. HP: 19/19 MP: 1/1
   295 | D:1      | Found a faded altar of an unknown god.
   321 | D:1      | Reached XP level 2. HP: 22/26 MP: 2/2
  1194 | D:2      | Reached XP level 3. HP: 29/33 MP: 3/3
  1327 | D:2      | Identified the +5 battleaxe "Qeegyig" {venom, rCorr}
  1410 | D:2      | Noticed Terence
  1420 | D:2      | Killed Terence
  1421 | D:2      | Reached XP level 4. HP: 40/40 MP: 4/4
  1441 | D:2      | Reached skill level 4 in Fighting
  1536 | D:2      | Noticed Sigmund
  1544 | D:2      | Killed Sigmund
  1545 | D:2      | Reached XP level 5. HP: 29/47 MP: 5/5
  2041 | D:2      | Reached XP level 6. HP: 53/53 MP: 6/6
  2449 | D:3      | Found Ciqya's Assorted Antiques.
  2562 | D:3      | Gained mutation: You are robust. (+10% HP) [potion of
                  | mutation]
  2562 | D:3      | Lost mutation: You are robust. (+10% HP) [potion of
                  | mutation]
  2808 | D:3      | Reached skill level 1 in Spellcasting
  2808 | D:3      | Reached skill level 1 in Evocations
  3112 | D:4      | Noticed a sky beast
  3120 | D:4      | Killed a sky beast
  3121 | D:4      | Your scales start taking on a pale cyan-grey colour.
  3121 | D:4      | Reached XP level 7. HP: 60/60 MP: 8/10
  3121 | D:4      | Gained mutation: You are immune to the effects of steam.
                  | [Pale Draconian growth]
  3690 | D:5      | Entered Level 5 of the Dungeon
  3891 | D:5      | Reached skill level 5 in Evocations
  4083 | D:5      | Reached skill level 5 in Fighting
  4106 | D:5      | Reached XP level 8. HP: 35/68 MP: 12/12
  4552 | D:3      | Bought a large peridot ring for 135 gold pieces
  4732 | D:6      | Noticed Blork the orc
  4748 | D:6      | Killed Blork the orc
  5155 | D:6      | Reached skill level 6 in Fighting
  5155 | D:6      | Reached skill level 5 in Dodging
  5157 | D:6      | Found a staircase to the Ecumenical Temple.
  5169 | Temple   | Entered the Ecumenical Temple
  5271 | Temple   | Became a worshipper of Vehumet
  5271 | Temple   | Reached * piety under Vehumet
  5271 | Temple   | Offered knowledge of Freeze by Vehumet.
  5271 | Temple   | Reached ** piety under Vehumet
  5547 | D:6      | Offered knowledge of Static Discharge by Vehumet.
  5548 | D:6      | Reached XP level 9. HP: 61/75 MP: 12/14
  5603 | D:6      | Reached skill level 1 in Conjurations
  5603 | D:6      | Reached skill level 1 in Air Magic
  5621 | D:6      | Found a runed translucent door.
  5632 | D:6      | Found a runed translucent door.
  5675 | D:6      | Learned a level 2 spell: Static Discharge
  6214 | D:7      | Offered knowledge of Mephitic Cloud by Vehumet.
  6274 | D:7      | Reached skill level 1 in Poison Magic
  6360 | D:7      | Reached *** piety under Vehumet
  6619 | D:3      | Bought a potion of brilliance for 108 gold pieces
  6819 | D:8      | Reached skill level 5 in Air Magic
  6819 | D:8      | Reached XP level 10. HP: 37/83 MP: 10/17
  6824 | D:8      | Learned a level 3 spell: Mephitic Cloud
  6984 | D:8      | Offered knowledge of Fulminant Prism by Vehumet.
  6986 | D:8      | Reached skill level 5 in Spellcasting
  6997 | D:8      | Reached skill level 1 in Hexes
  6999 | D:8      | Reached skill level 5 in Conjurations
  7126 | D:8      | Learned a level 4 spell: Fulminant Prism
  7286 | D:8      | Noticed Psyche
  7419 | D:8      | Killed Psyche
  7420 | D:8      | Reached skill level 5 in Stealth
  7556 | D:8      | Reached **** piety under Vehumet
  7575 | D:8      | Identified the +6 mace of Kuasadis {elec, Str+3 SInv}
  7824 | D:8      | Found a snail-covered altar of Cheibriados.
  7975 | D:9      | Offered knowledge of Frozen Ramparts by Vehumet.
  8056 | D:9      | Noticed Maggie
  8080 | D:9      | Killed Maggie
  8081 | D:9      | Reached skill level 1 in Maces & Flails
  8085 | D:9      | Noticed a boulder beetle
  8483 | D:9      | Noticed a death yak
  8488 | D:9      | Noticed a death yak
  8489 | D:9      | Noticed a death yak
  8491 | D:9      | Noticed a death yak
  8496 | D:9      | Noticed a death yak
  8503 | D:9      | Learned a level 3 spell: Frozen Ramparts
  8606 | D:10     | Entered Level 10 of the Dungeon
  8673 | D:9      | Found a staircase to the Lair.
  8738 | D:9      | Reached skill level 7 in Fighting
  8742 | D:9      | HP: 3/86 [yak (7)]
  8746 | D:9      | HP: 1/86 [/static electricity (3)]
  8746 | D:9      | Killed from afar by themself

Illustrated notes

Levels and vault maps discovered:
D:1:      minmay_arrival_cross, layout_basic,
          shapermc_ecumenical_altar_mp_highgroup, nrook_campfire
D:2:      layout_basic, minmay_misc_feat_encased, nicolae_wormholes,
          uniq_sigmund, uniq_terence
D:3:      layout_loops_cross, serial_shops, shop_statue, minmay_ogre_servants
D:4:      layout_basic
D:5:      layout_basic
D:6:      lemuel_insect_pit, layout_loops_corners, minmay_temple_entry_hall,
          uniq_blork_the_orc
D:7:      minmay_octagon_keep, layout_basic, nicolae_grassy_gnolls
D:8:      layout_basic, slow_altar_2, minmay_orc_keep, uniq_psyche
D:9:      minmay_diamond_stairs, layout_loops_cross, dpeg_lair_monsters,
          uniq_maggie
D:10:     layout_roguey, uniq_erolcha
Temple:   mainiacjoe_temple_circle_huts

Skill      XL: |  1  2  3  4  5  6  7  8  9 10 |
---------------+-------------------------------+-----
Stealth        | 2 3 4 5 |  5.0
Dodging        | 3 4 5 |  5.9
Fighting       | 4 5 6 7 |  7.0
Axes           | 2 4 |  4.3
Spellcasting   | 2 3 4 5 |  5.4
Evocations     | 2 5 |  5.0
Ice Magic      | 2 |  2.9
Conjurations   | 4 5 |  5.3
Air Magic      | 5 |  5.8
Poison Magic   | 3 4 |  4.6
Hexes          | 2 |  2.6
Maces & Flails | 2 |  2.7
Short Blades   | |  0.8
Long Blades    | |  3.1

Action                   |  1- 3 |  4- 6 |  7- 9 | 10-12 || total
-------------------------+-------+-------+-------+-------++-------
Melee: Falchion          |    13 |       |       |       ||    13
       Dagger            |    49 |       |       |       ||    49
       Tailslap          |    11 |    10 |    23 |     6 ||    50
       Punch             |     2 |       |       |       ||     2
       Battleaxe         |    11 |    61 |   182 |    27 ||   281
       Mace              |       |       |       |    34 ||    34
       Unarmed           |       |       |       |     8 ||     8
Throw: Dart              |     2 |       |       |       ||     2
       Boomerang         |       |     6 |     9 |     3 ||    18
 Cast: Static Discharge  |       |       |    15 |    33 ||    48
       Mephitic Cloud    |       |       |       |    16 ||    16
       Fulminant Prism   |       |       |       |     9 ||     9
       Frozen Ramparts   |       |       |       |     3 ||     3
 Abil: Breathe Steam     |       |       |    15 |    20 ||    35
  Use: Potion            |     2 |     6 |     6 |     7 ||    21
       Scroll            |       |     5 |     6 |     5 ||    16
 Stab: Sleeping          |     3 |     5 |     6 |       ||    14
       Confused          |       |       |       |     6 ||     6
Armor: Skin              |    25 |    26 |   131 |    76 ||   258
Dodge: Dodged            |    47 |    36 |   183 |   121 ||   387
